Unix NetHack Version 5.0.0-0 post-release - last build May 31 2026 23:59:36 (970b52f25bf058293b47ddfd14a1e40e571c508c,branch:main).

Game began 2026-06-09 19:18:40, ended 2026-06-09 19:53:49.

Eymerich, chaotic male elven Priest

                                    ..--
                                 ....)..
                                 [@..).-
                                 .!..).|
                                  .....

Eymerich the Acolyte         St:13 Dx:13 Co:11 In:17 Wi:20 Ch:9  Chaotic
Dlvl:4  $:13 HP:0(27) Pw:46(46) AC:5  Xp:4 T:1625  Blind

Latest messages:
 The iguana bites!
 You kill the iguana!
 You swap places with Pinky.
 Pinky picks up a crossbow.
 Pinky drops a crossbow.
 Pinky picks up a crossbow.
 Pinky drops a crossbow.
 Pinky picks up a crossbow.
 Pinky drops a crossbow.
 Pinky picks up a crossbow.
 Pinky drops a crossbow.
 Pinky picks up a crossbow.
 Pinky drops a crossbow.
 Pinky picks up a crossbow.
 Pinky drops a crossbow.
 Pinky picks up a crossbow.
 Pinky drops a crossbow.
 Pinky picks up a crossbow.
 You are in full health.
 You feel strong!
 You must have been exercising diligently.
 You feel agile!
 You must have been working on your reflexes.
 You feel tough!
 You must have been leading a healthy life-style.
 You stop.  Pinky is in the way!
 Pinky drops a crossbow.
 Pinky picks up a crossbow.
 You descend the stairs.
 You swap places with Pinky.
 Really step onto that dart trap? [yn] (n)
 The hobbit throws an elven dagger!
 It is missed.
 You are almost hit by an elven dagger.
 The gnome lord throws a dagger!
 A dagger misses you.
 The gnome lord throws 2 daggers!
 The 1st dagger misses you.
 The 2nd dagger misses you.
 Pinky picks up a blessed dagger.
 The dwarf zaps a curved wand!
 The bolt of lightning hits you!
 Elf, your life force is running out.
 You are blinded by the flash!
 You try to feel what is lying here on the stairs.
 You hear a nearby zap.
 You have a sad feeling for a moment, then it passes.
 The bolt of lightning hits you!
 You die...
 Do you want your possessions identified? [ynq] (y)

Inventory:
 Coins    ('$')
  $ - 13 gold pieces
 Weapons  (')')
  a - a blessed +1 mace (weapon in right hand)
 Armor    ('[')
  b - a blessed +0 robe
  w - a +0 elven mithril-coat (being worn)
 Comestibles  ('%')
  e - a clove of garlic
  v - a food ration
  C - a fortune cookie
  f - a sprig of wolfsbane
  B - a tripe ration
  k - 2 lichen corpses
 Scrolls  ('?')
  x - a cursed scroll of create monster
  y - a scroll of scare monster
  s - a cursed scroll of scare monster
  F - a scroll of taming
 Potions  ('!')
  u - 2 blessed potions of healing
  E - a cursed potion of restore ability
  D - a potion of speed
  d - 4 potions of holy water
 Rings    ('=')
  m - a ring of stealth
 Tools    ('(')
  i - a leather drum
  l - a lock pick
  z - a skeleton key

Eymerich the Priest's attributes:

Background:
 You were an Acolyte, a level 4 elven Priest.
 You were chaotic, nominally on a mission for Poseidon
 who was opposed by Athena (lawful) and Hermes (neutral).
 You were right-handed.
 You were in the Gnomish Mines, on level 4.
 You entered the dungeon 1625 turns ago.
 You had 108 experience points, 52 more were needed to attain level 5.

Basics:
 You had 0 out of 27 hit points.
 You had all 46 energy points (spell power).
 Your armor class was 5.
 Your wallet contained 13 zorkmids.
 Autopickup was off.

Final Characteristics:
 Your strength was 13 (limit:18).
 Your dexterity was 13 (limit:18).
 Your constitution was 11 (limit:16).
 Your intelligence was 17 (limit:20).
 Your wisdom was 20 (limit:20).
 Your charisma was 9 (limit:18).

Final Status:
 You were temporarily blind.
 You weren't hungry.
 You were unencumbered.
 You were wielding a mace.
 You had basic skill with mace.

Final Attributes:
 You were devoutly aligned.
 You were sleep resistant.
 You were poison resistant.
 You had infravision.
 You were guarded.
 Your spell casting was impaired by metallic armor.
 You are dead.

Miscellaneous:
 You encountered 1 bones level.
 Total elapsed playing time was 35 minutes and 7 seconds.

Major events:
 Turn
    1: Eymerich the chaotic elven Priest entered the dungeon
 1130: attained the rank of Acolyte (level 3)
 1375: entered the Gnomish Mines
 1625: killed by a bolt of lightning zapped by a dwarf

Spells:
 Name                 Level Category     Fail Retention
 light                  1   clerical      57%  91%-100%
 stone to flesh         3   healing      100%  76%-100%

Skills:
 Fighting Skills
   bare handed combat [Unskilled]
 Weapon Skills
   club               [Unskilled]
   mace               [Basic]
   morning star       [Unskilled]
   flail              [Unskilled]
   hammer             [Unskilled]
   quarterstaff       [Unskilled]
   polearms           [Unskilled]
   spear              [Unskilled]
   trident            [Unskilled]
   lance              [Unskilled]
   bow                [Unskilled]
   sling              [Unskilled]
   crossbow           [Unskilled]
   dart               [Unskilled]
   shuriken           [Unskilled]
   boomerang          [Unskilled]
   unicorn horn       [Unskilled]
 Spellcasting Skills
   healing spells     [Unskilled]
   divination spells  [Unskilled]
   clerical spells    [Basic]

Voluntary challenges:
 Character rerolling was not enabled.
 You were an atheist.
 You never genocided any monsters.
 You never polymorphed an object.
 You never changed form.
 You used no wishes.
Achievements:
 You attained the rank of Acolyte.
 You entered the Gnomish Mines.

 The Dungeons of Doom: levels 1 to 3
    Level 1: "chest 9 items"
    Level 2: "chest 2 items"
    Level 3:
       Stairs down to The Gnomish Mines.
 The Gnomish Mines:
    Level 4: <- You were here.
       A grave.
       Final resting place for
          you, killed by a bolt of lightning zapped by a dwarf,
          Eymerich-Pri-Elf-Mal-Cha, killed by a bolt of lightning zapped by a dwarf.


Vanquished creatures:
  a ghost
  2 shriekers
  a little dog
 an orc zombie
  a wererat
 an iguana
  a gnome
  a gnome zombie
  2 geckos
  5 jackals
  2 foxes
  a sewer rat
  a grid bug
  5 lichens
  2 kobold zombies
  3 newts
30 creatures vanquished.

No species were genocided or became extinct.

Game over:
                       ----------
                      /          \
                     /    REST    \
                    /      IN      \
                   /     PEACE      \
                  /                  \
                  |     Eymerich     |
                  |      13 Au       |
                  | killed by a bolt |
                  |   of lightning   |
                  |   zapped by a    |
                  |      dwarf       |
                  |       2026       |
                 *|     *  *  *      | *
        _________)/\\_//(\/(/\)/\//\/|_)_______

Goodbye Eymerich the Priest...

You died in The Gnomish Mines on dungeon level 4 with 604 points,
and 13 pieces of gold, after 1625 moves.
You were level 4 with a maximum of 27 hit points when you died.

